 Dungeon Crawl Stone Soup version 0.32-a0-411-g744942f433 (webtiles) character file.

Game seed: 13381583687242489773

91 lunkers the Shooter (level 4, -3/32 HPs)
             Began as a Coglin Hexslinger on Feb 21, 2024.
             Slain by a ribbon worm (6 damage)
             ... on level 2 of the Dungeon.
             The game lasted 00:01:16 (1437 turns).

lunkers the Shooter (Coglin Hexslinger)             Turns: 1437, Time: 00:01:16

Health: -3/32      AC:  2    Str: 10    XL:     4   Next: 59%
Magic:  5/5        EV: 12    Int: 13    God:
Gold:   12         SH:  0    Dex: 16    Spells: 5/5 levels left

rFire   . . .        a - +1 sling {Yejun}
rCold   . . .        (no shield)
rNeg    + . .        c - +0 robe
rPois   .            (no helmet)
rElec   .            (no cloak)
rCorr   .            (no gloves)
SInv    .            (no boots)
Will    .....        (no amulet)
Stlth   +            g - ring of positive energy
HPRegen 0.25/turn    (no ring)
MPRegen 0.09/turn

%: no passive effects
@: slowed, revved, very slow
A: off-hand wielding, slow wielding, warmup strikes, legs shutdown
a: no special abilities


You were on level 2 of the Dungeon.
You visited 1 branch of the dungeon, and saw 2 of its levels.

You collected 12 gold pieces.

Inventory:

Hand Weapons
 a - a +1 sling (weapon) {Yejun}
Armour
 c - a +0 robe (worn)
Jewellery
 g - a ring of positive energy (left grasper)
Scrolls
 b - a scroll of poison
 e - a scroll of identify {unknown}
 f - a scroll of summoning {unknown}
 h - a scroll of revelation {unknown}
Potions
 d - a potion of heal wounds {unknown}


   Skills:
 - Level 1.0 Fighting
 + Level 4.2 Ranged Weapons
 - Level 1.7 Dodging
 - Level 1.0 Spellcasting
 - Level 2.6 Hexes
 - Level 0.8 Fire Magic


You had 5 spell levels left.
You didn't know any spells.
Your spell library contained the following spells:

 Spells                   Type           Power      Damage    Failure   Level
 Jinxbite                 Hex            14%        N/A       14%         2
 Sigil of Binding         Hex            7%         N/A       28%         3
 Inner Flame              Hex/Fire       5%         N/A       38%         3
 Cause Fear               Hex            3%         N/A       67%         4
 Dimensional Bullseye     Hex/Tloc       2%         N/A       85%         4


Dungeon Overview and Level Annotations

Branches:
Dungeon (2/15)

Altars:

Shops:
D:1 *


Innate Abilities, Weirdness & Mutations

You can wield a second weapon in your off-hand.
It takes a long time for you to wield or remove held weapons.
Your first few attacks do less damage.
Attacking and casting redirects power from your legs.


Message History

Unknown command.
Fire: a) +1 sling {Yejun}
Press: ? - help, Q - select action Shift-Dir - straight line, f/p - ribbon worm
Aim: a ribbon worm (moderately wounded, catching its breath, 79% to hit)
You shoot a sling bullet. The sling bullet hits the ribbon worm.
The ribbon worm is heavily wounded.
The ribbon worm bites you.
* * * LOW HITPOINT WARNING * * *
The ribbon worm expels a string of sticky webbing.
The stream of webbing misses you.
Fire: a) +1 sling {Yejun}
Press: ? - help, Q - select action Shift-Dir - straight line, f/p - ribbon worm
Aim: a ribbon worm (moderately wounded, catching its breath, 79% to hit)
You shoot a sling bullet. The sling bullet hits the ribbon worm.
The ribbon worm is heavily wounded.
The ribbon worm bites you.
* * * LOW HITPOINT WARNING * * *
Fire: a) +1 sling {Yejun}
Press: ? - help, Q - select action Shift-Dir - straight line, f/p - ribbon worm
Aim: a ribbon worm (heavily wounded, 79% to hit)
You shoot a sling bullet. The sling bullet hits the ribbon worm.
The ribbon worm is severely wounded.
The ribbon worm expels a string of sticky webbing.
The stream of webbing hits you but does no damage.
You are caught in a web!
The ribbon worm bites you.
* * * LOW HITPOINT WARNING * * *
You cannot shoot with your sling while caught in a web.
Unknown command.
Unknown command.
The web tears apart.
The ribbon worm expels a string of sticky webbing.
The stream of webbing misses you.
Unknown command.
Fire: a) +1 sling {Yejun}
Press: ? - help, Q - select action Shift-Dir - straight line, f/p - ribbon worm
Aim: a ribbon worm (severely wounded, catching its breath, 79% to hit)
You shoot a sling bullet. The sling bullet hits the ribbon worm.
The ribbon worm is severely wounded.
The ribbon worm bites you.
You die...

#.# #...#
#.# #...#
#.# #####
#.# #.#
#.# #.#
#.# #@#
#w#
........#
..#######


You could see a ribbon worm (catching breath).

Vanquished Creatures
  Natasha (D:2)
  An adder (D:2)
  A dart slug (D:1)
  A ribbon worm (D:2)
  5 ball pythons
  8 endoplasms (D:1)
  2 goblins (D:1)
  3 hobgoblins
  2 quokkas
  A bat (D:1)
  3 frilled lizards (D:1)
  A kobold (D:1)
  3 rats
32 creatures vanquished.

Notes
Turn   | Place    | Note
-------+----------+-------------------------------------------
     0 | D:1      | lunkers the Coglin Hexslinger began the quest for the Orb.
     0 | D:1      | Reached XP level 1. HP: 15/15 MP: 2/2
    80 | D:1      | Reached skill level 2 in Ranged Weapons
   179 | D:1      | Reached XP level 2. HP: 19/21 MP: 3/3
   297 | D:1      | Reached skill level 3 in Ranged Weapons
   300 | D:1      | Reached XP level 3. HP: 26/26 MP: 4/4
   485 | D:1      | Found Cokliz's General Store.
  1374 | D:2      | Reached XP level 4. HP: 29/32 MP: 5/5
  1417 | D:2      | Noticed Natasha
  1424 | D:2      | Killed Natasha
  1425 | D:2      | Reached skill level 4 in Ranged Weapons
  1437 | D:2      | Slain by a ribbon worm

Illustrated notes

Levels and vault maps discovered:
D:1:      dpeg_arrival_circle_labyrinth_a, layout_basic,
          serial_co_window_serial, co_window_paths_b, co_window_corner_a,
          co_window_of_opportunity_a, co_window_of_opportunity_a,
          co_window_paths_a, co_window_paths_b, co_window_paths_a,
          co_window_broadway_a, co_window_paths_c, co_window_corner_b,
          co_window_unsneaky_path_d, co_window_paths_e, glass_columns_b,
          serial_shops, nicolae_shop_getting_attention
D:2:      layout_basic, uniq_natasha

Skill      XL: |  1  2  3  4 |
---------------+-------------+-----
Ranged Weapons | 2 3 4 |  4.2
Fighting       | |  1.0
Dodging        | |  1.7
Spellcasting   | |  1.0
Hexes          | |  2.6
Fire Magic     | |  0.8

Action                     |  1- 3 |  4- 6 || total
---------------------------+-------+-------++-------
   Fire: Sling             |    80 |    18 ||    98
 Armour: Robe              |    17 |     9 ||    26
  Dodge: Dodged            |    22 |     4 ||    26

Table legend: (Time is in decaauts)
 A = Elapsed time spent in this place.
 B = Non-inter-level travel time spent in this place.
 C = Inter-level travel time spent in this place.
 D = Time resting spent in this place.
 E = Time spent auto-exploring this place.
 F = Levels seen in this place.
 G = Mean time per level.
                   A        B        C        D        E       F      G
               +--------+--------+--------+--------+--------+-----+--------+
         Total |   1469 |   1353 |    116 |      0 |   1163 |   2 |  734.5 |
       Dungeon |   1469 |   1353 |    116 |      0 |   1163 |   2 |  734.5 |
               +--------+--------+--------+--------+--------+-----+--------+

Top non-repeatable levels by time:
     D:1: 1324 daAuts
     D:2: 144 daAuts
